 Dungeon Crawl Stone Soup version coffee-0.2.0 (webtiles) character file.

Game seed: 17441592390554798294, levelgen mode: deterministic

119 Dorkslayer the Conjurer (level 4, -4/21 HPs)
             Began as a Spriggan Conjurer on Oct 9, 2020.
             Was a Believer of Dithmenos.
             Slain by a gnoll
             ... wielding a +0 spear
              (5 damage)
             ... on level 3 of the Dungeon.
             The game lasted 00:12:50 (2605 turns).

Dorkslayer the Conjurer (Spriggan Conjurer)         Turns: 2605, Time: 00:12:51

Health: -4/21      AC:  2    Str:  4    XL:     4   Next: 74%
Magic:  6/10       EV: 10    Int: 17    God:    Dithmenos [**....]
Gold:   201        SH:  0    Dex: 16    Spells: 4/9 levels left

rFire    . . .     SeeInvis +   l - +0 quick blade (curse)
rCold    . . .     Gourm    .   (shield restricted)
rNeg     . . .     Faith    .   a - +0 robe
rPois    .         Spirit   .   (helmet restricted)
rElec    .         Reflect  +   (no cloak)
rCorr    .         Harm     .   (gloves unavailable)
MR       .....                  (boots unavailable)
Stlth    ++++......             b - +4 amulet of reflection
HPRegen  0.07/turn              (no ring)
MPRegen  0.12/turn              (no ring)

@: very slightly contaminated, held, wreathed by umbra, very quick
A: very small, unfitting armour, see invisible, herbivore, speed 3, slow
metabolism 2
a: Shadow Step, Renounce Religion


You were on level 3 of the Dungeon.
You worshipped Dithmenos.
Dithmenos was pleased with you.
You were not hungry.

You visited 2 branches of the dungeon, and saw 4 of its levels.

You collected 201 gold pieces.

Inventory:

Hand Weapons
 l - a cursed +0 quick blade (weapon)
Missiles
 d - 26 poisoned darts (quivered)
Armour
 a - a +0 robe (worn)
Jewellery
 b - a +4 amulet of reflection (around neck)
Wands
 g - a wand of random effects (20)
Scrolls
 h - 2 scrolls of teleportation
 i - 2 scrolls of remove curse
 j - a scroll of amnesia
Comestibles
 c - 8 rations


   Skills:
 + Level 0.5(2.2) Fighting
 + Level 0.1 Short Blades
 + Level 0.8 Throwing
 + Level 3.3(4.9) Dodging
 + Level 3.2(5.2) Stealth
 + Level 3.4(4.3) Spellcasting
 + Level 4.0 Conjurations
 * Level 0.4 Invocations
 * Level 0.2(0.4) Evocations


You had 4 spell levels left.
You knew the following spells:

 Your Spells              Type           Power        Failure   Level  Hunger
a - Magic Dart            Conj           ###.         3%          1    None
b - Iskenderun's Mystic   Conj/Tloc      ###.....     24%         4    ####...

Your spell library contained the following spells:

 Spells                   Type           Power        Failure   Level  Hunger
 Searing Ray              Conj           ###...       4%          2    ##.....
 Dazzling Flash           Conj/Hex       ###...       9%          3    ###....
 Fulminant Prism          Conj/Hex       ###.......   28%         4    ####...


Dungeon Overview and Level Annotations

Branches:
Dungeon (3/10)             Temple (1/1) D:2

Altars:
Cheibriados
Dithmenos
Fedhas
Gozag
Makhleb
Ru
Sif Muna
Trog
Xom
Yredelemnul

Shops:
D:1 [*


Innate Abilities, Weirdness & Mutations

You are very small and have problems with some larger weapons.
You are too small for most types of armour.
You have supernaturally acute eyesight. (SInv)
You are a herbivore.
You cover ground extremely quickly.
You need to consume almost no food.


Message History

The magic dart hits the gnoll but does no damage.
The gnoll is heavily wounded.
The gnoll hits you but does no damage.
You struggle against the net.
The gnoll closely misses you.
You struggle against the net.
The worm bites you!
The gnoll hits you from afar with a +0 spear.
* * * LOW HITPOINT WARNING * * *
You struggle against the net.
The gnoll hits you from afar with a +0 spear.
* * * LOW HITPOINT WARNING * * *
Okay, then.
Magic courses through your body. The worm closely misses you.
The gnoll barely misses you.
Casting: Magic Dart (safe; 3% risk of failure)
Confirm with . or Enter, or press ? or * to list all spells.
You miscast Iskenderun's Mystic Blast.
You are very lightly contaminated with residual magic.
Nothing appears to happen.
The gnoll hits you from afar with a +0 spear.
You die...

P. ##.....# #.. .≈♣P. ♣#####.#
####.. ♣≈♣≈. .P #.# ##..... #
≈≈≈♣≈P. #.# ##..##.. # ≈≈≈≈♣w
#.## ##..##### . . ♣≈≈≈.
#..####..## # ..≈♣≈). ##..##..##
####### .......######..#.########
......# #.gw@.####...........
#####.## #####...).....#######
#..###########.....##........
######..<..............#########.
.................................
#####....#####...#####.##########
####>##.......### #.#
........####### #.## ....###.).#
#..######


You could see a worm and a gnoll.

Vanquished Creatures
  2 adders
  2 gnolls (D:3)
  An ooze (D:1)
  A worm (D:2)
  A dart slug (D:2)
  2 leopard geckos
  An orc (D:3)
  6 bats
  3 giant cockroaches
  11 goblins
  5 hobgoblins
  8 jackals
  9 kobolds
  2 quokkas
  2 ball pythons (D:1)
  3 frilled lizards
  6 rats
65 creatures vanquished.

Vanquished Creatures (others)
  A plant (D:3)
1 creature vanquished.

Grand Total: 66 creatures vanquished

Notes
Turn   | Place    | Note
-------+----------+-------------------------------------------
     0 | D:1      | Dorkslayer the Spriggan Conjurer began the quest for the
                  | Orb.
     0 | D:1      | Reached XP level 1. HP: 9/9 MP: 5/5
    41 | D:1      | Reached skill level 3 in Conjurations
   177 | D:1      | You fall into a shaft and drop 1 floor!
   192 | D:2      | Found a staircase to the Ecumenical Temple.
   205 | Temple   | Entered the Ecumenical Temple
   226 | Temple   | Became a worshipper of Dithmenos the Shadowed
   260 | D:2      | Reached XP level 2. HP: 13/13 MP: 3/6
   387 | D:2      | Found a snail-covered altar of Cheibriados.
   394 | D:2      | Found a blossoming altar of Fedhas.
   525 | D:2      | Reached XP level 3. HP: 16/16 MP: 1/8
  1065 | D:1      | Found Jacwus's Assorted Antiques.
  1116 | D:1      | Reached * piety under Dithmenos
  1361 | D:1      | You fall into a shaft and drop 1 floor!
  1406 | D:1      | Reached XP level 4. HP: 19/21 MP: 2/9
  1496 | D:1      | Found Jaseunk's Antique Armour Emporium.
  1881 | D:3      | Found a faded altar of an unknown god.
  1995 | D:3      | Learned a level 4 spell: Iskenderun's Mystic Blast
  2238 | D:3      | Reached ** piety under Dithmenos
  2596 | D:3      | Reached skill level 4 in Conjurations
  2603 | D:3      | HP: 1/21 [gnoll/+0 spear (4)]
  2605 | D:3      | Slain by a gnoll

Levels and vault maps discovered:
D:1:      onia_arrival_pentagram, layout_rooms, serial_shops, shop,
          nicolae_shop_statue_plus
D:2:      layout_basic, grunt_temple_overflow_open,
          minmay_temple_entry_statues_fountains, minmay_tetromino_t4
D:3:      layout_rooms, serial_bayou, serial_bayou_shore_a,
          serial_bayou_shore_b, serial_bayou_pond_a, serial_bayou_pond_d,
          chequers_ecumenical_altar_grove
Temple:   regret_index_temple_mists

Skill      XL: |  1  2  3  4 |
---------------+-------------+-----
Conjurations   | 3 4 |  4.0
Spellcasting   | 3 |  3.4
Fighting       | |  0.5
Short Blades   | |  0.1
Throwing       | |  0.8
Dodging        | |  3.3
Stealth        | |  3.2
Invocations    | |  0.4
Evocations     | |  0.2

Action                   |  1- 3 |  4- 6 || total
-------------------------+-------+-------++-------
Melee: Unarmed           |     4 |       ||     4
       Dagger            |     7 |       ||     7
       Quick blade       |       |    32 ||    32
Throw: Dart              |    27 |     5 ||    32
 Cast: Magic Dart        |    84 |    59 ||   143
  Use: Scroll            |       |     2 ||     2
       Potion            |       |     2 ||     2
Armor: Robe              |     2 |     1 ||     3
Dodge: Dodged            |    33 |    38 ||    71
Block: Other             |     2 |     7 ||     9
       Reflection        |       |     2 ||     2
